 Dungeon Crawl Stone Soup version 0.19-a0-1704-gbd66c22 (webtiles) character file.

991 esc the Chopper (level 7, -1/60 HPs)
             Began as a Deep Dwarf Berserker on Sept 27, 2016.
             Was a Believer of Trog.
             Slain by Prince Ribbit (8 damage)
             ... on level 4 of the Dungeon.
             The game lasted 00:17:45 (3592 turns).

esc the Chopper (Deep Dwarf Berserker)              Turns: 3592, Time: 00:17:46

Health: -1/60      AC:  7    Str: 22    XL:     7   Next: 98%
Magic:  7/7        EV: 15    Int:  7    God:    Trog [**....]
Gold:   287        SH:  0    Dex: 14    Spells: 0 memorised, 6 levels left

rFire  + . .     SeeInvis +     B - +0 war axe
rCold  . . .     Gourm    .     p - +2 leather armour "Bipocosi" {rF+ SInv}
rNeg   . . .     Faith    .     (no shield)
rPois  .         Spirit   .     (helmet restricted)
rElec  .         Dismiss  .     (no cloak)
rCorr  +         Reflect  .     (no gloves)
MR     +....     Harm     .     (no boots)
Stlth  +.........               j - amulet of magic regeneration
                                v - +3 ring of strength
                                i - ring of resist corrosion

@: non-regenerating
A: damage resistance, recharge devices, antennae 1, see invisible, deterioration
1, frail 1, sense surroundings 1, shaggy fur 1, slow regeneration 3, weak 1,
evolution 1
a: Device Recharging, Berserk, Trog's Hand, Burn Spellbooks, Renounce Religion


You were on level 4 of the Dungeon.
You worshipped Trog.
Trog was pleased with you.
You were hungry.

You visited 1 branch of the dungeon, and saw 6 of its levels.

You collected 287 gold pieces.

Inventory:

Hand Weapons
 B - a +0 war axe (weapon)
   (You found it on level 4 of the Dungeon)
Missiles
 g - 37 stones (quivered)
 o - 5 javelins
 A - a throwing net {=f, !d}
Armour
 k - the +0 helmet "Xoapsour" {rN+, unknown}
   (You took it off Robin on level 2 of the Dungeon)

   It protects you from negative energy.
 p - the +2 leather armour "Bipocosi" (worn) {rF+ SInv}
   (You found it on level 4 of the Dungeon)

   It protects you from fire.
   It lets you see invisible.
Jewellery
 i - a ring of resist corrosion (left hand)
   (You found it on level 2 of the Dungeon)
 j - an amulet of magic regeneration (around neck)
   (You took it off a goblin on level 2 of the Dungeon)
 v - a +3 ring of strength (right hand)
   (You acquired it on level 5 of the Dungeon)
Wands
 c - a wand of heal wounds (3/9)
 q - a wand of teleportation (3/9)
   (You found it on level 3 of the Dungeon)
 r - a wand of acid (0/15)
   (You found it on level 3 of the Dungeon)
Scrolls
 b - a scroll of enchant weapon
 f - 4 scrolls of teleportation
 u - 3 scrolls of remove curse
 y - 2 scrolls of magic mapping {!r}
Potions
 a - a potion of berserk rage {!q}
 e - 3 potions of curing {unknown}
 h - a potion of agility
 m - 3 potions of haste {unknown}
 n - 2 potions of might
 t - 3 potions of brilliance {unknown}
 w - a potion of invisibility
 C - 2 potions of lignification {unknown}
Comestibles
 d - 2 bread rations {@e1}
 l - 13 chunks of flesh {@w0}
 s - a meat ration {@e2}


   Skills:
 + Level 5.0 Fighting
 + Level 6.1 Axes
 + Level 5.4 Armour
 + Level 5.3 Dodging


You had 6 spell levels left.
You didn't know any spells.

Dungeon Overview and Level Annotations

Branches:
Dungeon (6/15)
 Temple: D:4-7

Altars:
Dithmenos
Elyvilon
Okawaru
Trog
Uskayaw

Annotations:
D:4 Prince Ribbit


Innate Abilities, Weirdness & Mutations

You are resistant to damage.
You can recharge devices by infusing magical energy.
You passively map a small area around you.
You do not regenerate.
You have a pair of small antennae on your head.
You have supernaturally acute eyesight. (SInv)
Your body sometimes deteriorates upon taking damage.
You are frail. (-10% HP)
You are covered in fur. (AC +1)
You are weak. (Str -2)
You evolve.


Message History

You are too injured to fight recklessly!
You are too injured to fight recklessly!
You are too injured to fight recklessly!
You are too injured to fight recklessly!
You are too injured to fight recklessly!
You are too injured to fight recklessly!
You are too injured to fight recklessly!
You are too injured to fight recklessly!
You are too injured to fight recklessly!
You are too injured to fight recklessly!
The orc barely misses you.
Items here: )) [ †† a war axe; a leather armour; a hand axe; an orc corpse x2
You hit the orc. The orc misses you.
You slash the orc!
You kill the orc!
Trog accepts your kill.
Things that are here:
a short sword; 3 tomahawks; an orc corpse You butcher the orc corpse.
l - 10 chunks of flesh {@w0} (gained 4)
Things that are here:
a short sword; 3 tomahawks
Items here: )) [ †† a war axe; a leather armour; a hand axe; an orc corpse x2
You butcher the orc corpse.
l - 12 chunks of flesh {@w0} (gained 2)
Items here: )) [ † a war axe; a leather armour; a hand axe; an orc corpse
Okay, then.
You see here a tomahawk.
There isn't anything to butcher here.
Items here: )) [ † a war axe; a leather armour; a hand axe; an orc corpse
Things that are here:
a short sword; 3 tomahawks
Items here: )) [ † a war axe; a leather armour; a hand axe; an orc corpse You butcher the orc corpse.
l - 15 chunks of flesh {@w0} (gained 3)
Items here: )) [ ÷ a war axe; a leather armour; a hand axe; an orc skeleton
Things that are here:
a short sword; 3 tomahawks
Found a stone staircase leading down.
Your skin crawls.
You feel resistant to hostile enchantments.
You feel somewhat more hungry.
An orc and an orc priest come into view.
The orc priest is wielding a trident of protection.
You regained 2 hp, and now have 21/60 hp.
An orc and Prince Ribbit come into view.
Prince Ribbit croaks.
The orc shouts!
Prince Ribbit lets out a mournful croak.
The orc moves out of view. 2 orcs come into view.
You feel the effects of Trog's Hand fading.
The orc priest shouts!
You are feeling hungry.
The orc shouts!
Some of the chunks of flesh in your inventory have rotted away.
The orc shouts! x2
The goblin shouts!
The orc priest hits you but does no damage.
Prince Ribbit hits you!
A wight comes into view. It is wielding an enchanted falchion.
You take 5 damage, and have 21/60 hp.
Your skin stops crawling.
You feel less resistant to hostile enchantments.
Prince Ribbit closely misses you. The orc priest completely misses you.
There is an escape hatch in the ceiling here.
Prince Ribbit hits you but does no damage.
The orc priest closely misses you. The orc hits you.
A mysterious force pulls you upwards. The hatch slams shut behind you.
Okay, then.
Okay, then.
The orc closely misses you. Prince Ribbit closely misses you.
There is an escape hatch in the floor here.
Prince Ribbit blinks!
The orc hits you with a mace.
* * * LOW HITPOINT WARNING * * *
The orc closely misses you.
You take 4 damage, and have 17/60 hp.
The orc misses you. Prince Ribbit misses you.
There is an open door here.
Prince Ribbit hits you!
* * * LOW HITPOINT WARNING * * *
There is an escape hatch in the ceiling here.
You take 6 damage, and have 11/60 hp.
Prince Ribbit closely misses you. A mysterious force pulls you upwards.
The hatch slams shut behind you.
Prince Ribbit blinks!
You see here a quarterstaff.
Prince Ribbit croaks regally.
There is a stone staircase leading down here.
Prince Ribbit hits you.
* * * LOW HITPOINT WARNING * * *
Prince Ribbit hits you!
You die...

##########.##)...........########
.................................
#############............########
.############............# #
#.#.#.#.#.#.#............########
.#.#.#.#.#.#................(..##
#.#.#.#.#.#.#.##.#####.#######..#
.#.#.#.#.#.#...#F# #..#######.#
#.#.#.#.#.#.#.#[@#


##.PPPPPPP.P .#.#.#.#.#.#...### #.......P.P #.#.#.#.#.#.#.## ##PPP.P.P.P
.#.#.#.#.#.#...##### #P.P.P.P.P #.#.#.#.#.#.#......# #P.PPP.P.P
.#.#.#.#.#.#.......# #P.....P.. #.#.#.#.#.#.#......#####P.P.PPPPP
.#.#.#.#.#.#............P.P.P...P #.#.#.#.#.#.#.####.....[P.PPP.P.P You could
see Prince Ribbit.

Vanquished Creatures
  The ghost of khekkus the Destroyer, a novice HECj (D:5)
  An orc warrior (D:5)
  A sky beast (D:6)
  A phantom (D:5)
  A bullfrog (D:5)
  A scorpion (D:5)
  2 hounds
  2 orc priests (D:6)
  A worker ant (D:5)
  An orc wizard (D:4)
  A hound zombie (D:6)
  A howler monkey zombie (D:5)
  Robin (D:2)
  3 gnolls (D:3)
  4 adders
  A shadow imp (D:5)
  An adder zombie (D:6)
  A worm (D:2)
  7 leopard geckos
  7 orcs
  A ball python (D:3)
  4 bats
  A giant cockroach (D:2)
  13 goblins
  4 hobgoblins
  2 jackals (D:2)
  6 kobolds
  A quokka (D:3)
  7 frilled lizards
  6 rats
84 creatures vanquished.

Notes
Turn   | Place    | Note
-------+----------+-------------------------------------------
     0 | D:1      | esc the Deep Dwarf Berserker began the quest for the Orb.
     0 | D:1      | Reached XP level 1. HP: 20/20 MP: 1/1
   204 | D:1      | Gained mutation: You are frail. (-10% HP) [potion of mutation]
   204 | D:1      | Gained mutation: You are covered in fur. (AC +1) [potion of mutation]
   204 | D:1      | Gained mutation: You have a pair of small antennae on your head. [potion of mutation]
   205 | D:1      | Gained mutation: You have supernaturally acute eyesight. (SInv) [potion of mutation]
   205 | D:1      | Gained mutation: You are very frail. (-20% HP) [potion of mutation]
   205 | D:1      | Gained mutation: You are weak. (Str -2) [potion of mutation]
   240 | D:1      | Reached XP level 2. HP: 14/21 MP: 2/2
   456 | D:1      | Reached skill level 3 in Fighting
   605 | D:2      | Noticed Robin
   615 | D:2      | Reached XP level 3. HP: 18/27 MP: 3/3
   901 | D:2      | HP: 10/40 [Robin/spear (1)]
   902 | D:2      | Killed Robin
   907 | D:2      | Got an ancient helmet
  1054 | D:2      | Reached skill level 4 in Axes
  1059 | D:2      | Found a white marble altar of Elyvilon.
  1061 | D:2      | Found a shadowy altar of Dithmenos.
  1063 | D:2      | Found a hide-covered altar of Uskayaw.
  1100 | D:2      | Reached ** piety under Trog
  1112 | D:2      | Reached skill level 3 in Armour
  1195 | D:2      | Found a bloodstained altar of Trog.
  1322 | D:2      | Reached XP level 4. HP: 10/33 MP: 4/4
  1743 | D:3      | HP: 8/33 [leopard gecko (2)]
  1751 | D:3      | HP: 5/33 [leopard gecko (3)]
  2126 | D:3      | Reached skill level 3 in Dodging
  2133 | D:3      | Reached XP level 5. HP: 30/39 MP: 5/5
  2175 | D:4      | Found an iron altar of Okawaru.
  2401 | D:4      | Got a brightly glowing leather armour
  2412 | D:4      | Identified the +2 leather armour "Bipocosi" {rF+ SInv} (You found it on level 4 of the Dungeon)
  2682 | D:5      | Entered Level 5 of the Dungeon
  2795 | D:5      | Noticed a phantom
  2838 | D:5      | Killed a phantom
  2838 | D:5      | Reached skill level 4 in Armour
  2838 | D:5      | Reached XP level 6. HP: 15/45 MP: 6/6
  2907 | D:5      | Noticed khekkus's ghost (novice HECj)
  2972 | D:5      | HP: 9/45 [scorpion (5)]
  2980 | D:5      | Reached skill level 5 in Axes
  2980 | D:5      | Reached skill level 4 in Dodging
  3062 | D:5      | Identified a scroll of acquirement
  3118 | D:5      | Reached skill level 4 in Fighting
  3136 | D:5      | Killed khekkus's ghost
  3136 | D:5      | Reached XP level 7. HP: 34/52 MP: 7/7
  3214 | D:5      | Reached skill level 5 in Armour
  3214 | D:5      | Reached skill level 5 in Dodging
  3386 | D:6      | Reached skill level 6 in Axes
  3434 | D:6      | Gained mutation: You evolve. [mutagenic meat]
  3440 | D:6      | Lost mutation: You are very frail. (-20% HP) [mutagenic meat]
  3443 | D:6      | Gained mutation: Your body sometimes deteriorates upon taking damage. [mutagenic meat]
  3535 | D:6      | Reached skill level 5 in Fighting
  3563 | D:6      | Noticed Prince Ribbit
  3579 | D:5      | HP: 11/60 [Prince Ribbit (6)]
  3592 | D:4      | HP: 7/60 [Prince Ribbit (4)]
  3592 | D:4      | Slain by Prince Ribbit

Vault maps used:
D:1:      tarquinn_simple_flora_water_a
D:2:      lightli_temple_of_fire, grunt_temple_overflow_diamond, uniq_robin
D:4:      lemuel_crystal_altar, first_bread, minmay_hedge_maze
D:6:      lemuel_insect_pit, uniq_prince_ribbit1

Skill      XL: |  1  2  3  4  5  6  7 |
---------------+----------------------+-----
Fighting       | 3 4 5 |  5.0
Axes           | 4 5 6 |  6.1
Armour         | 3 4 5 |  5.4
Dodging        | 3 4 5 |  5.3

Action                   |  1- 3 |  4- 6 |  7- 9 || total
-------------------------+-------+-------+-------++-------
Melee: Hand axe          |   127 |   111 |       ||   238
       War axe           |       |    73 |    67 ||   140
Invok: Berserk           |     2 |     4 |     2 ||     8
       Trog's Hand       |       |     4 |     4 ||     8
Evoke: Wand              |     1 |     3 |     1 ||     5
  Use: Potion            |     3 |     1 |     1 ||     5
       Scroll            |     6 |     7 |     1 ||    14
 Stab: Invisible         |       |       |     1 ||     1
  Eat: Chunk             |     4 |     7 |    10 ||    21
       Beef jerky        |       |     1 |     1 ||     2
       Royal jelly       |       |     1 |       ||     1
Armor: Animal skin       |    23 |    34 |       ||    57
       Leather armour    |       |    31 |    13 ||    44
Dodge: Dodged            |    80 |   120 |    68 ||   268

Vault maps used:
D:1:      tarquinn_simple_flora_water_a
D:2:      lightli_temple_of_fire, grunt_temple_overflow_diamond, uniq_robin
D:4:      lemuel_crystal_altar, first_bread, minmay_hedge_maze
D:6:      lemuel_insect_pit, uniq_prince_ribbit1

Table legend:
 A = Turns spent in this place as a percentage of turns spent in the entire game.
 B = Non-inter-level travel turns spent in this place as a percentage of non-inter-level travel turns spent in the entire game.
 C = Inter-level travel turns spent in this place as a percentage of turns spent in this place.
 D = Turns resting spent in this place as a percentage of non-inter-level travel turns spent in this place.
 E = Turns spent auto-exploring this place as a percentage of non-inter-level travel turns spent in this place.
 F = Non-inter-level travel turns spent in this place divided by the number of levels of this place that you've seen.
                   A       B       C       D       E      F
               +-------+-------+-------+-------+-------+----------------------
         Total | 100.0 | 100.0 |   0.8 |   0.7 |  10.0 | 197.5
       Dungeon | 100.0 | 100.0 |   0.8 |   0.7 |  10.0 | 197.5
               +-------+-------+-------+-------+-------+----------------------

Table legend:
 A = Kills in this place as a percentage of kills in entire the game.
 B = Kills by you in this place as a percentage of kills by you in the entire game.
 C = Kills by friends in this place as a percentage of kills by friends in the entire game.
 D = Other kills in this place as a percentage of other kills in the entire game.
 E = Experience gained in this place as a percentage of experience gained in the entire game.
 F = Experience gained in this place divided by the number of levels of this place that you have seen.
                   A       B       C       D       E      F
               +-------+-------+-------+-------+-------+----------------------
         Total | 100.0 | 100.0 |  -nan |  -nan | 100.0 | 236.0
       Dungeon | 100.0 | 100.0 |  -nan |  -nan | 100.0 | 236.0
               +-------+-------+-------+-------+-------+----------------------
